 Dungeon Crawl Stone Soup version 0.20-a0-16-g0876c8e (webtiles) character file.

23070 Lochraine the Basher (level 13, -4/76 HPs)
             Began as a Gargoyle Fighter on Nov 4, 2016.
             Was a High Priest of Nemelex Xobeh.
             Killed from afar by a deep elf elementalist (57 damage)
             ... with a fireball
             ... on level 2 of the Abyss.
             The game lasted 00:47:28 (11405 turns).

Lochraine the Basher (Gargoyle Fighter)            Turns: 11405, Time: 00:47:29

Health: -4/76      AC: 30    Str: 23    XL:     13   Next: 4%
Magic:  19/19      EV: 10    Int:  9    God:    Nemelex Xobeh [*****.]
Gold:   509        SH: 17    Dex: 11    Spells: 0 memorised, 12 levels left

rFire  . . .     SeeInvis .     I - +7 whip (elec)
rCold  + . .     Gourm    .     M - +0 steam dragon scales
rNeg   + . .     Faith    .     o - +0 large shield
rPois  ∞         Spirit   .     F - +2 hat {MR+}
rElec  +         Reflect  .     k - +2 cloak {+Inv}
rCorr  .         Harm     .     (no gloves)
MR     +....                    m - +2 pair of boots
Stlth  +.........               (no amulet)
                                p - +5 ring of protection
                                A - ring of protection from cold

@: no status effects
A: negative energy resistance 1, electricity resistance, unbreathing,
petrification resistance, rot immunity, AC +9
a: Triple Draw, Deal Four, Stack Five, Renounce Religion, Evoke Invisibility


You were on level 2 of the Abyss.
You worshipped Nemelex Xobeh.
Nemelex Xobeh was extremely pleased with you.
You were hungry.

You visited 2 branches of the dungeon, and saw 15 of its levels.
You visited the Abyss 1 time.

You collected 866 gold pieces.
You spent 357 gold pieces at shops.

Inventory:

Hand Weapons
 I - a +7 whip of electrocution (weapon)
Armour
 k - a +2 cloak of invisibility (worn)
 m - a +2 pair of boots (worn)
 o - a +0 large shield (worn)
 F - a +2 hat of magic resistance (worn)
 M - +0 steam dragon scales (worn)
Jewellery
 p - a +5 ring of protection (right hand)
 z - an uncursed ring of resist corrosion
 A - a ring of protection from cold (left hand)
 N - an uncursed ring of flight
Wands
 d - a wand of lightning (8/15)
 v - a wand of iceblast (10/15)
 x - a wand of heal wounds (4/9)
 P - a wand of iceblast (9/15)
 S - a wand of teleportation (4/9)
Scrolls
 e - 5 scrolls of recharging
 g - 2 scrolls of identify
 h - 3 scrolls of remove curse
 i - 5 scrolls of teleportation
 q - a scroll of magic mapping
 r - 3 scrolls of holy word
 H - 3 scrolls of blinking
Potions
 j - 2 potions of cure mutation
 n - 4 potions of heal wounds
 t - 2 potions of cancellation
 w - 3 potions of haste
 C - a potion of ambrosia
 D - 11 potions of curing
 K - a potion of might
 L - 4 potions of resistance
 R - 3 potions of flight
 T - a potion of agility
Books
 b - a book of Battle

   Spells                             Type                      Level
   a - Infusion                       Charms                       1
   b - Shroud of Golubria             Charms/Translocation         2
   c - Song of Slaying                Charms                       2
   d - Spectral Weapon                Hexes/Charms                 3
   e - Regeneration                   Charms/Necromancy            3
 O - a book of Flames

   Spells                             Type                      Level
   a - Flame Tongue                   Conjuration/Fire             1
   b - Throw Flame                    Conjuration/Fire             2
   c - Conjure Flame                  Conjuration/Fire             3
   d - Inner Flame                    Hexes/Fire                   3
   e - Sticky Flame                   Conjuration/Fire             4
   f - Fireball                       Conjuration/Fire             5
 Q - a book of Misfortune

   Spells                             Type                      Level
   a - Confusing Touch                Hexes                        1
   b - Confuse                        Hexes                        3
   c - Gell's Gravitas                Hexes/Translocation          3
   d - Petrify                        Transmutation/Earth          4
   e - Metabolic Englaciation         Hexes/Ice                    5
   f - Yara's Violent Unravelling     Hexes/Transmutation          5
 Z - a book of Cantrips

   Spells                             Type                      Level
   a - Confusing Touch                Hexes                        1
   b - Animate Skeleton               Necromancy                   1
   c - Summon Small Mammal            Summoning                    1
   d - Apportation                    Translocation                1
Miscellaneous
 a - a legendary deck of destruction {drawn: 8}
 c - an ornate deck of summoning
 l - a legendary deck of destruction
 s - an ornate deck of summoning
 u - a legendary deck of destruction
 y - a plain deck of summoning
 B - a plain deck of escape {drawn: 1}
 G - a legendary deck of destruction
 U - a plain deck of summoning {drawn: 4}
 X - a plain deck of escape
Comestibles
 f - 6 bread rations
 E - 8 meat rations
 J - 3 beef jerkies
 W - a slice of pizza
 Y - 3 fruits


   Skills:
 - Level 7.0 Fighting
 - Level 12.0 Maces & Flails
 - Level 9.2 Armour
 + Level 3.7 Dodging
 - Level 10.0 Shields
 - Level 9.0 Invocations
 + Level 7.5 Evocations


You had 12 spell levels left.
You didn't know any spells.

Dungeon Overview and Level Annotations

Branches:
Dungeon (12/15)            Temple (0/1) D:4            Lair (3/6) D:11
  Swamp: Lair:2-4    Shoals: Lair:2-4     Snake: Lair:2-4    Spider: Lair:2-4
    Orc: D:9-12

Altars:
Dithmenos
Kikubaaqudgha
Nemelex Xobeh
Okawaru
Sif Muna
Xom
Zin

Shops:
D:6 *   D:8 !   D:9 }   D:10 ([?

Annotations:
D:4 Edmund
Lair:3 Sonja


Innate Abilities, Weirdness & Mutations

You are resistant to torment.
Your stone body is resilient. (AC +9)
You are immune to poison.
You resist negative energy. (rN+)
You are resistant to electric shocks. (rElec)
You can survive without breathing.
You are immune to petrification.
You are immune to rotting.


Message History

You hear a horrible gurgling sound! x2; You hear a bark!
Okay, then.
Evoke which item? (* to show all) (? for menu, Esc to quit)
Zapping:
x - a wand of heal wounds (5/9)
Press: ? - help, Shift-Dir - straight line, f - you You feel much better.
This wand has 4 charges left.
An earth elemental comes into view.
A wolf spider zombie comes into view.
An insubstantial wisp and a ynoxinul come into view.
A deep elf elementalist comes into view.
It is wielding a short sword.
Press: ? - help, v - describe, . - travel
Here: a deep elf elementalist, wielding a short sword and wearing a ring mail (repelling missiles)
The floor.
Evoke which item? (* to show all) (? for menu, Esc to quit)
You draw a card...
It is the Dance.
The deep elf elementalist points at you and mumbles some strange words.
The fireball explodes!
The fireball engulfs you!
Ouch! That really hurt!
You die...
Your body disappears without a glow.

# . ..... ≈ .#. ..≈.
#.. . # .. . .. .3 #
♣ ...... ... #
≈..... ..# .
#...≈..# .#.#.#### ≈
......#.
##≈..≈...######.....
≈≈..≈###@...## .. ..
♣..≈≈(.###...... ##
≈≈#≈###e# # #####
... ##v.# .... .##.#
. 2. . #..


You could see a deep elf elementalist, a ynoxinul, an insubstantial wisp and a
friendly enchanted hand axe.

Vanquished Creatures
  Gastronok (D:10)
  An entropy weaver (Lair:1)
  Erica (D:8)
  An unseen horror (D:10)
  3 hill giants
  An oklob plant (Lair:3)
  A cyclops (D:11)
  A manticore (D:10)
  A centaur zombie (D:11)
  A worldbinder (Abyss:2)
  A black mamba (Lair:1)
  4 spiny frogs
  The ghost of motku00 the Poker, a novice MfIE of Ashenzari (D:6)
  3 rime drakes
  The ghost of dobroeutro the Covered, a novice GrFi (D:4)
  6 polar bears
  3 blink frogs (Lair:1)
  3 hippogriffs
  2 large abominations (Abyss:2)
  A spriggan (Lair:2)
  A ynoxinul (Abyss:2)
  12 yaks
  A steam dragon (Lair:2)
  A small abomination (Abyss:2)
  3 water moccasins
  8 porcupines
  4 orc warriors
  7 black bears
  3 ice beasts
  An eye of draining (D:10)
  A necrophage (D:8)
  2 sky beasts
  5 centaurs
  4 ogres
  3 wolves (Lair:2)
  4 crocodiles
  8 bullfrogs
  A wyvern zombie (D:8)
  A water moccasin zombie (D:5)
  A scorpion (D:4)
  3 killer bees (D:11)
  2 howler monkeys
  4 crimson imps
  A quasit (D:9)
  A centaur skeleton (D:4)
  3 orc priests
  Crazy Yiuf (D:5)
  6 hounds
  2 jellies
  12 orc wizards
  3 bullfrog skeletons
  Jessica (D:9)
  3 iguanas
  10 worker ants
  Natasha (twice) (D:4)
  A killer bee zombie (D:9)
  Robin (D:4)
  6 adders
  5 shadow imps
  3 oozes
  2 adder skeletons
  An adder zombie (D:10)
  2 worms (D:2)
  2 dart slugs
  7 leopard geckos
  36 orcs
  6 bats
  12 giant cockroaches
  15 goblins
  7 hobgoblins
  17 jackals
  6 kobolds
  2 quokkas
  2 ball pythons
  4 frilled lizards
  2 quokka skeletons
  2 quokka zombies
  6 rats
309 creatures vanquished.

Vanquished Creatures (collateral kills)
  An eidolon (Abyss:2)
  A hydra (Lair:2)
  A centaur skeleton (D:11)
  A troll (D:11)
  A naga (D:11)
  An orc warrior (D:7)
  An ogre (D:11)
  A crocodile (Lair:2)
  An orc priest (D:6)
  2 orc wizards (D:6)
  A worker ant (D:6)
  A hell rat (D:11)
  A gnoll (D:11)
  An ufetubus (Abyss:2)
  A leopard gecko (D:6)
  An orc (D:6)
17 creatures vanquished.

Vanquished Creatures (others)
  An orc warrior (D:9)
  A bullfrog (D:7)
  An orc priest (D:9)
  An orc wizard (D:9)
  A fungus (Lair:3)
  A plant (Lair:2)
6 creatures vanquished.

Grand Total: 332 creatures vanquished

Notes
Turn   | Place    | Note
-------+----------+-------------------------------------------
     0 | D:1      | Lochraine the Gargoyle Fighter began the quest for the Orb.
     0 | D:1      | Reached XP level 1. HP: 14/14 MP: 1/1
   142 | D:1      | Reached XP level 2. HP: 19/19 MP: 2/2
   885 | D:2      | Reached XP level 3. HP: 23/23 MP: 3/3
  1163 | D:2      | Found a faded altar of an unknown god.
  1163 | D:2      | Found a shimmering altar of Xom.
  1168 | D:2      | Found a faded altar of an unknown god.
  1170 | D:2      | Found an ancient bone altar of Kikubaaqudgha.
  1172 | D:2      | Found a faded altar of an unknown god.
  1310 | D:2      | Reached XP level 4. HP: 29/29 MP: 4/4
  1590 | D:2      | Found a sparkling altar of Nemelex Xobeh.
  1600 | D:2      | Became a worshipper of Nemelex Xobeh the Trickster
  1844 | D:3      | Reached skill level 3 in Maces & Flails
  1851 | D:3      | Received a gift from Nemelex Xobeh
  2133 | D:4      | Reached XP level 5. HP: 29/33 MP: 5/5
  2201 | D:4      | Noticed Edmund
  2511 | D:4      | Reached * piety under Nemelex Xobeh
  2511 | D:4      | Received a gift from Nemelex Xobeh
  2581 | D:4      | Noticed Robin
  2582 | D:4      | Killed Robin
  2582 | D:4      | Reached skill level 1 in Invocations
  2700 | D:4      | Found a staircase to the Ecumenical Temple.
  2731 | D:4      | Reached skill level 4 in Maces & Flails
  2731 | D:4      | Reached XP level 6. HP: 38/39 MP: 5/7
  2830 | D:4      | Noticed Natasha
  2841 | D:4      | Killed Natasha
  3191 | D:5      | Entered Level 5 of the Dungeon
  3191 | D:5      | Noticed a hippogriff
  3205 | D:4      | Noticed dobroeutro's ghost (novice GrFi)
  3220 | D:4      | Killed dobroeutro's ghost
  3220 | D:4      | Reached skill level 5 in Fighting
  3220 | D:4      | Reached skill level 5 in Maces & Flails
  3220 | D:4      | Reached XP level 7. HP: 32/44 MP: 8/8
  3229 | D:4      | Noticed Natasha
  3235 | D:4      | Killed Natasha
  3270 | D:5      | Reached skill level 5 in Shields
  3562 | D:5      | Found a shadowy altar of Dithmenos.
  3605 | D:5      | Reached XP level 8. HP: 50/50 MP: 10/10
  3636 | D:5      | Reached skill level 6 in Maces & Flails
  3767 | D:5      | Found a runed door.
  3867 | D:5      | Reached ** piety under Nemelex Xobeh
  3876 | D:5      | Found an iron altar of Okawaru.
  3985 | D:5      | Noticed Crazy Yiuf
  3989 | D:5      | Killed Crazy Yiuf
  4120 | D:6      | Noticed motku00's ghost (novice MfIE)
  4199 | D:6      | Killed motku00's ghost
  4213 | D:6      | Reached skill level 7 in Maces & Flails
  4424 | D:6      | Reached XP level 9. HP: 42/56 MP: 11/11
  4757 | D:6      | Reached skill level 8 in Maces & Flails
  4761 | D:6      | Found a sparkling altar of Nemelex Xobeh.
  4919 | D:6      | Found Aleteh's Assorted Antiques.
  4924 | D:6      | Bought a scroll labeled YMNOAG CYOWN for 24 gold pieces
  4924 | D:6      | Bought a pink potion for 21 gold pieces
  4924 | D:6      | Bought a scroll labeled LICAEPIXZYOKK for 24 gold pieces
  4924 | D:6      | Bought a bubbling grey potion for 21 gold pieces
  5188 | D:7      | Received a gift from Nemelex Xobeh
  5352 | D:7      | Reached skill level 9 in Maces & Flails
  5816 | D:7      | Found a glowing silver altar of Zin.
  5816 | D:7      | Noticed an angel
  5933 | D:8      | Reached skill level 5 in Invocations
  5933 | D:8      | Reached XP level 10. HP: 50/63 MP: 13/13
  5944 | D:8      | Reached *** piety under Nemelex Xobeh
  5979 | D:8      | Noticed Erica
  6021 | D:8      | Killed Erica
  6021 | D:8      | Reached skill level 10 in Maces & Flails
  6184 | D:8      | Found Ecetat Jeci's Distillery.
  6187 | D:8      | Bought a potion of heal wounds for 75 gold pieces
  6526 | D:8      | Received a gift from Nemelex Xobeh
  6880 | D:9      | Found Qurumyurch's Gadget Shop.
  6934 | D:9      | Received a gift from Nemelex Xobeh
  6954 | D:9      | Noticed a hill giant
  6975 | D:9      | Killed a hill giant
  6975 | D:9      | Reached skill level 11 in Maces & Flails
  7419 | D:9      | Noticed Jessica
  7422 | D:9      | Reached XP level 11. HP: 67/67 MP: 16/16
  7428 | D:9      | Killed Jessica
  7457 | D:9      | Found a deep blue altar of Sif Muna.
  7612 | D:10     | Entered Level 10 of the Dungeon
  7657 | D:10     | Reached **** piety under Nemelex Xobeh
  7669 | D:10     | You fall through a shaft for 2 floors!
  7687 | D:11     | Noticed Snorg
  7688 | D:11     | Noticed Snorg
  7688 | D:11     | Snorg changed into Snorg the hippogriff
  7689 | D:11     | Received a gift from Nemelex Xobeh
  7695 | D:11     | Killed Snorg the hippogriff
  7773 | D:11     | Noticed a cyclops
  7784 | D:11     | Killed a cyclops
  7953 | D:11     | Found a staircase to the Lair.
  7974 | D:11     | Noticed a hill giant
  7989 | D:11     | Killed a hill giant
  7989 | D:11     | Reached skill level 12 in Maces & Flails
  8001 | D:11     | Received a gift from Nemelex Xobeh
  8059 | D:10     | Found Ranguskahac's Magic Scroll Emporium.
  8067 | D:10     | Bought a scroll of identify for 32 gold pieces
  8067 | D:10     | Bought a scroll of identify for 32 gold pieces
  8067 | D:10     | Bought a scroll of identify for 32 gold pieces
  8067 | D:10     | Bought a scroll of identify for 32 gold pieces
  8067 | D:10     | Bought a scroll of identify for 32 gold pieces
  8067 | D:10     | Bought a scroll of identify for 32 gold pieces
  8146 | D:10     | Reached skill level 10 in Shields
  8166 | D:10     | Noticed Harold
  8167 | D:10     | Noticed Harold
  8167 | D:10     | Harold changed into Harold the manticore
  8176 | D:10     | Killed Harold the manticore
  8353 | D:10     | Noticed Gastronok
  8370 | D:10     | Killed Gastronok
  8370 | D:10     | Reached skill level 5 in Armour
  8672 | D:10     | Found Ogrea's Antique Armour Boutique.
  8672 | D:10     | Received a gift from Nemelex Xobeh
  8718 | D:10     | Reached ***** piety under Nemelex Xobeh
  8782 | D:10     | Noticed a hill giant
  8784 | D:10     | Killed a hill giant
  8784 | D:10     | Reached skill level 1 in Evocations
  8787 | D:10     | Found Ulejejokk's Weapon Shoppe.
  8849 | D:10     | Killed an unseen horror
  8925 | Lair:1   | Entered Level 1 of the Lair of Beasts
  9027 | Lair:1   | Reached XP level 12. HP: 46/72 MP: 18/18
  9093 | Lair:1   | Received a gift from Nemelex Xobeh
  9353 | Lair:1   | Noticed a four-headed hydra
  9354 | Lair:1   | Noticed an entropy weaver
  9354 | Lair:1   | a four-headed hydra changed into an entropy weaver
  9366 | Lair:1   | Killed an entropy weaver
  9555 | Lair:1   | Reached skill level 5 in Evocations
 10099 | Lair:2   | Received a gift from Nemelex Xobeh
 10145 | Lair:2   | Noticed an eight-headed hydra
 10152 | Lair:2   | Killed an eight-headed hydra
 10423 | Lair:2   | Received a gift from Nemelex Xobeh
 10628 | Lair:2   | Reached skill level 1 in Dodging
 11023 | Lair:3   | Received a gift from Nemelex Xobeh
 11175 | Lair:3   | Noticed Sonja
 11198 | Lair:3   | Cast into level 2 of the Abyss (Sonja)
 11205 | Abyss:2  | Found a corrupted altar of Lugonu.
 11366 | Abyss:2  | Noticed an eidolon
 11376 | Abyss:2  | Killed an eidolon
 11376 | Abyss:2  | Reached XP level 13. HP: 66/76 MP: 19/19
 11405 | Abyss:2  | Noticed a deep elf elementalist
 11405 | Abyss:2  | Killed from afar by a deep elf elementalist

Vault maps used:
D:1:      dpeg_arrival_shrine
D:2:      chequers_temple_overflow_minitemple, first_bread,
          nemelex_dance_club_becter
D:4:      uniq_robin, uniq_edmund, uniq_natasha
D:5:      nicolae_overflow_hidden_temple, okawaru_metal_pillars_3,
          uniq_crazy_yiuf_cottage
D:6:      lemuel_coloured_pillars_altar, serial_shops, kennysheep_little_box
D:7:      zin_angel, amethyst_killhole
D:8:      serial_shops, kennysheep_mini, uniq_erica
D:9:      tgw_sif, serial_shops, kennysheep_mini_moat
D:10:     serial_shops, shop, shop_fountains, nicolae_shop_crystal,
          uniq_gastronok, uniq_harold
D:11:     lair_0_dummy, lab_entry_generic, uniq_snorg, uniq_erolcha
D:12:     erik_orc_4, blue_anna_alchemist, einodemon_armed_red_devil_minivault
Lair:1:   beast_lair_carwin_large_1
Lair:2:   forest_entry_grove
Lair:3:   nicolae_volcano_entry_lava_flow, beast_lair_carwin_2, uniq_sonja
Abyss:2:  evilmike_abyss_exit_13, patterned_corridor

Skill      XL: |  1  2  3  4  5  6  7  8  9 10 11 12 |
---------------+-------------------------------------+-----
Maces & Flails | 3 4 5 7 9 11 12 | 12.0
Armour         | 4 6 9 |  9.2
Fighting       | 4 5 6 7 |  7.0
Shields        | 4 5 6 8 9 10 | 10.0
Invocations    | 1 2 3 5 7 9 |  9.0
Evocations     | 3 7 |  7.5
Dodging        | 3 |  3.7

Action                   |  1- 3 |  4- 6 |  7- 9 | 10-12 | 13-15 || total
-------------------------+-------+-------+-------+-------+-------++-------
Melee: Flail             |   120 |   237 |   414 |       |       ||   771
       Whip              |       |       |    19 |   891 |    15 ||   925
Evoke: Deck              |       |     2 |     6 |    18 |     1 ||    27
       Wand              |       |       |       |     5 |     1 ||     6
  Use: Scroll            |       |     2 |     6 |    32 |       ||    40
       Potion            |       |     2 |     2 |       |       ||     4
  Eat: Chunk             |     1 |     7 |     7 |    17 |       ||    32
       Beef jerky        |       |       |     1 |       |       ||     1
       Royal jelly       |       |       |       |     1 |       ||     1
Armor: Scale mail        |    61 |   140 |   201 |   230 |       ||   632
       Steam dragon scal |       |       |       |    39 |     1 ||    40
Dodge: Dodged            |    36 |    46 |    64 |   104 |     5 ||   255
Block: Shield            |    63 |       |       |       |       ||    63
       Large shield      |       |   207 |   390 |   530 |    12 ||  1139
